 Dungeon Crawl Stone Soup version 0.23.0-3-gf3c87f2df8 (webtiles) character file.

Game seed: 8403691447439585927

60 Ivernyr the Chiller (level 4, -2/36 HPs)
             Began as a Naga Ice Elementalist on Feb 21, 2019.
             Slain by a gnoll
             ... wielding a +0 spear
              (7 damage)
             ... on level 2 of the Dungeon.
             The game lasted 00:05:52 (1871 turns).

Ivernyr the Chiller (Naga Ice Elementalist)         Turns: 1871, Time: 00:05:53

Health: -2/36      AC:  2    Str: 10    XL:     4   Next: 6%
Magic:  4/7        EV: 10    Int: 17    God:
Gold:   109        SH:  0    Dex: 11    Spells: 4/8 levels left

rFire    . . .     SeeInvis +   d - +0 spear
rCold    . . .     Gourm    .   (no shield)
rNeg     . . .     Faith    .   a - +0 robe
rPois    +         Spirit   .   (no helmet)
rElec    .         Reflect  .   (no cloak)
rCorr    .         Harm     .   (no gloves)
MR       .....                  (no barding)
Stlth    +++.......             (no amulet)
HPRegen  0.12/turn              b - ring of stealth
MPRegen  0.10/turn              (no ring)

@: very slow
A: large, see invisible, deformed body, poison resistance, slowness 2, slow
metabolism 1, spit poison 1, AC +1
a: Spit Poison


You were on level 2 of the Dungeon.
You were not hungry.

You visited 1 branch of the dungeon, and saw 2 of its levels.

You collected 109 gold pieces.

Inventory:

Hand Weapons
 d - a +0 spear (weapon)
Armour
 a - a +0 robe (worn)
Jewellery
 b - a ring of stealth (left hand)
Scrolls
 f - a scroll of magic mapping {unknown}
 i - a scroll of fog {unknown}
Potions
 e - a potion of ambrosia {unknown}
 g - a potion of heal wounds {unknown}
Comestibles
 c - a ration


   Skills:
 + Level 2.2 Dodging
 - Level 3.0 Stealth
 + Level 2.5 Spellcasting
   Level 1.0 Conjurations
 * Level 4.0 Ice Magic


You had 4 spell levels left.
You knew the following spells:

 Your Spells              Type           Power        Failure   Level  Hunger
a - Freeze                Ice            ###.         3%          1    #......
b - Ozocubu's Armour      Chrm/Ice       #.......     24%         3    ###....

Your spell library contained the following spells:

 Spells                   Type           Power        Failure   Level  Hunger
 Throw Frost              Conj/Ice       ##....       10%         2    ##.....
 Throw Icicle             Conj/Ice       ##......     54%         4    #####..
 Summon Ice Beast         Ice/Summ       #.......     63%         4    #####..


Dungeon Overview and Level Annotations

Branches:
Dungeon (2/15)

Altars:
Okawaru


Innate Abilities, Weirdness & Mutations

You cannot wear boots.
Your serpentine skin is tough. (AC +1)
You have supernaturally acute eyesight. (SInv)
Armour fits poorly on your strangely shaped body.
Your system is resistant to poisons. (rPois)
You cover ground very slowly.
You have a slow metabolism.
You can spit poison.


Message History

The gnoll is lightly wounded.
The gnoll hits you with a +0 spear!
Casting: Freeze (safe; 3% risk of failure)
Confirm with . or Enter, or press ? or * to list all spells.
Aiming: Freeze (safe; 3% risk of failure)
Press: ? - help, Shift-Dir - straight line, f/p - gnoll
Aim: a gnoll, wielding a +0 spear (lightly wounded)
You freeze the gnoll.
The gnoll is moderately wounded.
The gnoll hits you with a +0 spear!
* * * LOW HITPOINT WARNING * * *
Casting: Freeze (safe; 3% risk of failure)
Confirm with . or Enter, or press ? or * to list all spells.
Aiming: Freeze (safe; 3% risk of failure)
Press: ? - help, Shift-Dir - straight line, f/p - gnoll
Aim: a gnoll, wielding a +0 spear (moderately wounded)
You freeze the gnoll.
The gnoll is heavily wounded.
The gnoll hits you with a +0 spear!
You die...

#......####...#####..#
####.#.†.......# ##.)
........#.....<# #..
#.........# ....####..
#.##......## #.......
#.....#.##..# #####...
#..#. #.###.### ##...
.. # #.#
#...######..#. #@#
###....#...##. ##g#
####....###. #..#
##.....## #.## #.###.#
.g# #.# ### ..## #.#
#.. #.# ..# ..# ...
.##


You could see 2 gnolls.

Vanquished Creatures
  A gnoll (D:1)
  An adder (D:2)
  An ooze (D:1)
  2 dart slugs
  3 leopard geckos (D:1)
  5 bats
  A giant cockroach (D:1)
  4 goblins
  5 hobgoblins
  A kobold (D:2)
  2 frilled lizards
  4 rats
30 creatures vanquished.

Notes
Turn   | Place    | Note
-------+----------+-------------------------------------------
     0 | D:1      | Ivernyr the Naga Ice Elementalist began the quest for the
                  | Orb.
     0 | D:1      | Reached XP level 1. HP: 15/15 MP: 3/3
   303 | D:1      | Reached XP level 2. HP: 21/22 MP: 3/5
   875 | D:1      | Reached XP level 3. HP: 24/28 MP: 1/6
   925 | D:1      | Learned a level 3 spell: Ozocubu's Armour
  1470 | D:2      | Found an iron altar of Okawaru.
  1848 | D:2      | Reached skill level 4 in Ice Magic
  1848 | D:2      | Reached XP level 4. HP: 36/36 MP: 7/7
  1871 | D:2      | Slain by a gnoll

Skill      XL: |  1  2  3 |
---------------+----------+-----
Dodging        | 2 |  2.2
Ice Magic      | 4 |  4.0
Stealth        | |  3.0
Spellcasting   | |  2.5
Conjurations   | |  1.0

Action                   |  1- 3 |  4- 6 || total
-------------------------+-------+-------++-------
Melee: Unarmed           |     6 |       ||     6
       Spear             |       |     2 ||     2
 Cast: Freeze            |    35 |     3 ||    38
 Abil: Spit Poison       |    18 |     3 ||    21
  Use: Scroll            |     1 |       ||     1
  Eat: Chunk             |     3 |       ||     3
Armor: Robe              |     2 |       ||     2
Dodge: Dodged            |    27 |       ||    27
